 Dungeon Crawl Stone Soup version 0.16-a0-2650-ga0f5cdf (webtiles) character file.

3264 FishServ the Bludgeoner (level 10, -1/88 HPs)
             Began as an Ogre Gladiator on Nov 23, 2014.
             Was an Initiate of Ru.
             Blown up by Urug (12 damage)
             ... with a wand of disintegration
             ... on level 10 of the Dungeon.
             The game lasted 00:30:58 (5097 turns).

FishServ the Bludgeoner (Ogre Gladiator)            Turns: 5097, Time: 00:30:58

Health: -1/88      AC:  7    Str: 22    XL:     10   Next: 0%
Magic:  10/10      EV: 14    Int:  7    God:    Ru [......]
Gold:   404        SH:  0    Dex: 18    Spells: 0 memorised, 9 levels left

rFire  + . .     SeeInvis .     w - +0 giant spiked club
rCold  + . .     Clarity  .     b - +2 animal skin
rNeg   . . .     SustAb   .     (shield restricted)
rPois  +         Gourm    .     c - +2 hat
rElec  +         Spirit   .     (no cloak)
rCorr  +         Warding  .     (gloves unavailable)
rMut   .         Stasis   .     (boots unavailable)
MR     +....                    p - amulet of rage
Stlth  ++........               G - ring of poison resistance
                                K - +5 ring of dexterity

@: resistant, somewhat resistant to hostile enchantments, unstealthy
A: unfitting armour, tough skin 1, disrupted magic 1
a: Renounce Religion, Evoke Berserk Rage


You were on level 10 of the Dungeon.
You worshipped Ru.
Ru was noncommittal.
You were not hungry.

You visited 2 branches of the dungeon, and saw 11 of its levels.

You collected 404 gold pieces.

Inventory:

Hand weapons
 a - a +0 flail
 w - a +0 giant spiked club (weapon)
Missiles
 d - 83 stones (quivered)
 v - a throwing net
 L - 8 poisoned needles
Armour
 b - a +2 animal skin (worn)
 c - a +2 hat (worn)
Jewellery
 p - an amulet of rage (around neck)
 y - an uncursed ring of positive energy
 G - a ring of poison resistance (right hand)
 K - a +5 ring of dexterity (left hand)
 M - an uncursed ring of see invisible {unknown}
Magical devices
 s - a wand of confusion (23)
 E - a wand of lightning (2)
 J - a wand of draining (4)
Scrolls
 i - 10 scrolls of remove curse {unknown}
 j - 3 scrolls of enchant armour
 l - 2 scrolls of random uselessness {unknown}
 n - a scroll of fog {unknown}
 q - 2 scrolls of immolation {unknown}
 C - 2 scrolls of magic mapping {unknown}
Potions
 e - a potion of restore abilities
 g - a potion of haste
 k - a potion of flight
 m - 3 potions of curing
 o - 2 potions of resistance
 t - 2 potions of berserk rage {unknown}
 A - a potion of mutation {unknown}
 B - 2 potions of poison {unknown}
 D - a potion of magic {unknown}
 F - a potion of might
 I - 3 potions of degeneration {unknown}
Comestibles
 f - 6 meat rations
 h - 4 bread rations
 u - 9 fruits
 x - a royal jelly
 z - a slice of pizza
 H - a beef jerky
 N - 4 chunks of flesh


   Skills:
 - Level 2.6 Fighting
 + Level 15.6 Maces & Flails
 - Level 2.1 Throwing
 + Level 5.8 Dodging


You had 9 spell levels left.
You didn't know any spells.

Dungeon Overview and Level Annotations

Branches:
Dungeon (10/15)            Temple (1/1) D:5
   Lair: D:8-11         Orc: D:9-12

Altars:
Ashenzari
Cheibriados
Dithmenos
Elyvilon
Fedhas
Gozag
Kikubaaqudgha
Makhleb
Nemelex Xobeh
Okawaru
Qazlal
Ru
Sif Muna
Trog
Vehumet
Xom
Yredelemnul
Zin
The Shining One

Annotations:
D:5 FishServ's ghost, experienced VSWn
D:7 Dowan; Duvessa
D:10 Urug


Innate Abilities, Weirdness & Mutations

You are too large for most types of armour.
You have tough skin (AC +1).
Your casting is slightly disrupted.


Message History

You bludgeon Urug!!
Urug is heavily wounded.
Urug hits you with a great sword!
You closely miss Urug.
Urug is heavily wounded.
Urug zaps a wand.
You are blasted!
* * * LOW HITPOINT WARNING * * *
It is a wand of disintegration.
Evoke which item? (* to show all) (? for menu, Esc to quit)
Zapping:
J - a wand of draining {zapped: 2} (will waste charges)
Press: ? - help, Shift-Dir - straight line, f/p - Urug
Aim: Urug, wielding a great sword, wearing a scale mail and carrying a wand of disintegration {zapped: 1} (heavily wounded, unusually strong)
The bolt of negative energy misses Urug.
Evoking this partially-identified wand wasted a few charges.
Urug zaps a wand.
You are blasted!
* * * LOW HITPOINT WARNING * * *
Drink which item? (? for menu, Esc to quit)
You feel protected.
It was a potion of resistance.
Urug zaps a wand.
You are blasted!
You die...

...##.## ..#.<.# #.#...#
##.#...############## o
#.........#.......... $.
#...............##### #..
#...........PP..# #...
####...##...♣P.)#
.....###########@..##..♣♣..##
...((((........o...##..P...#
.....#################....##
#... ##..## ##. #### #


You could see Urug.

Vanquished Creatures
  A troll (D:10)
  A two-headed ogre (D:8)
  A wyvern (D:8)
  A hippogriff (D:10)
  2 humans (D:9)
  Edmund (D:8)
  A sky beast (D:7)
  4 ogres
  A centaur (D:6)
  2 ice beasts (D:9)
  3 giant frogs
  6 killer bees (D:9)
  3 scorpions
  An orc priest (D:4)
  2 centaur zombies
  A gnoll shaman (D:6)
  3 crimson imps
  4 worker ants
  4 hounds
  A centaur skeleton (D:10)
  2 orc wizards
  2 iguanas (D:9)
  A giant frog skeleton (D:5)
  A mummy (D:6)
  A worker ant zombie (D:8)
  4 gnolls (D:3)
  7 adders
  A shadow imp (D:9)
  A giant mite (D:4)
  A worm (D:2)
  2 adder skeletons
  3 giant geckos
  An ooze (D:5)
  12 orcs
  15 bats
  A bat skeleton (D:5)
  8 hobgoblins
  11 jackals
  2 quokkas (D:4)
  A ball python (D:1)
  5 giant cockroaches
  A giant gecko skeleton (D:8)
  4 giant newts
  13 goblins
  A jackal skeleton (D:6)
  13 kobolds
  A quokka skeleton (D:6)
  7 rats
165 creatures vanquished.

Notes
Turn   | Place    | Note
--------------------------------------------------------------
     0 | D:1      | FishServ, the Ogre Gladiator, began the quest for the Orb.
     0 | D:1      | Reached XP level 1. HP: 22/22 MP: 1/1
   250 | D:1      | Reached XP level 2. HP: 25/29 MP: 2/2
   345 | D:2      | Reached skill level 5 in Maces & Flails
   653 | D:2      | Reached XP level 3. HP: 33/36 MP: 3/3
   775 | D:3      | Noticed a fire elemental
   776 | D:3      | Found a stormy altar of Qazlal.
   778 | D:3      | Noticed an air elemental
   778 | D:3      | Noticed an earth elemental
   778 | D:3      | Noticed a water elemental
   882 | D:3      | Reached skill level 6 in Maces & Flails
   898 | D:3      | Reached XP level 4. HP: 9/44 MP: 4/4
  1409 | D:3      | Found a glowing silver altar of Zin.
  1543 | D:3      | Reached skill level 7 in Maces & Flails
  1731 | D:4      | Reached XP level 5. HP: 43/50 MP: 5/5
  1793 | D:4      | Noticed an ogre
  1800 | D:4      | Killed an ogre
  1800 | D:4      | Reached skill level 8 in Maces & Flails
  1800 | D:4      | Reached XP level 6. HP: 42/59 MP: 6/6
  1962 | D:4      | Reached skill level 9 in Maces & Flails
  2454 | D:5      | Entered Level 5 of the Dungeon
  2501 | D:5      | Noticed FishServ's ghost (experienced VSWn)
  2540 | D:4      | Reached skill level 10 in Maces & Flails
  2540 | D:4      | Reached XP level 7. HP: 66/66 MP: 7/7
  2680 | D:5      | Found a staircase to the Ecumenical Temple.
  2738 | Temple   | Entered the Ecumenical Temple
  2767 | Temple   | Became a worshipper of Ru the Awakened
  2930 | D:5      | Reached skill level 11 in Maces & Flails
  3140 | D:6      | Reached XP level 8. HP: 69/74 MP: 8/8
  3148 | D:6      | Reached skill level 12 in Maces & Flails
  3441 | D:7      | Noticed Duvessa
  3441 | D:7      | Noticed Dowan
  3524 | D:6      | Gained mutation: Your casting is slightly disrupted. [Ru sacrifice]
  3606 | D:7      | Reached skill level 13 in Maces & Flails
  3738 | D:8      | Noticed Edmund
  3751 | D:8      | Killed Edmund
  3856 | D:8      | Reached skill level 14 in Maces & Flails
  3989 | D:8      | Reached XP level 9. HP: 59/80 MP: 9/9
  4053 | D:8      | Noticed a two-headed ogre
  4063 | D:8      | Killed a two-headed ogre
  4309 | D:9      | Found an iron altar of Okawaru.
  4436 | D:9      | Reached skill level 15 in Maces & Flails
  4741 | D:9      | Reached skill level 5 in Dodging
  4948 | D:10     | Entered Level 10 of the Dungeon
  5071 | D:10     | Reached XP level 10. HP: 66/88 MP: 10/10
  5074 | D:10     | Noticed Urug
  5097 | D:10     | Blown up by Urug

Action                   |  1- 3 |  4- 6 |  7- 9 | 10-12 || total
-------------------------+-------+-------+-------+-------++-------
Melee: Flail             |    97 |   133 |    13 |       ||   243
       Giant spiked club |       |       |   233 |     2 ||   235
Throw: Throwing net      |     4 |    14 |       |       ||    18
       Stone             |     3 |     8 |     6 |       ||    17
       Tomahawk          |       |     9 |    93 |     1 ||   103
Invok: Sacrifice Essence |       |       |     1 |       ||     1
Evoke: Wand              |       |       |     6 |     1 ||     7
  Use: Scroll            |     2 |       |     6 |       ||     8
       Potion            |       |     1 |       |     1 ||     2
 Stab: Held in net/web   |     1 |     2 |       |       ||     3
       Sleeping          |       |       |     2 |       ||     2
       Confused          |       |       |     1 |       ||     1
  Eat: Chunk             |       |     5 |     9 |       ||    14
